 Dungeon Crawl Stone Soup version 0.31-a0-819-gf6de2f5ab6 (webtiles) character file.

Game seed: 10855526754045851725

60 qw the Shooter (level 4, -1/28 HPs)
             Began as a Gargoyle Hunter on Sept 23, 2023.
             Slain by a kobold brigand
             ... wielding a +0 short sword
              (2 damage)
             ... in a sewer.
             The game lasted 00:00:34 (1576 turns).

qw the Shooter (Gargoyle Hunter)                    Turns: 1576, Time: 00:00:34

Health: -1/28      AC:  9    Str: 14    XL:     4   Next: 6%
Magic:  4/4        EV: 10    Int: 10    God:
Gold:   55         SH:  0    Dex: 15    Spells: 3/3 levels left

rFire   . . .        Y - +0 shortbow
rCold   . . .        (shield currently unavailable)
rNeg    + . .        g - +0 ring mail
rPois   inf          (no helmet)
rElec   +            (no cloak)
rCorr   .            (no gloves)
SInv    .            c - +0 pair of boots
Will    .....        (no amulet)
Stlth   +            (no ring)
HPRegen 0.24/turn    (no ring)
MPRegen 0.09/turn

%: no passive effects
@: no status effects
A: sickness immunity, AC +3, negative energy resistance 1, electricity
resistance, torment resistance 1, petrification resistance
a: no special abilities


You were in a sewer.
You visited 1 branch of the dungeon, and saw 3 of its levels.
You also visited: Sewer.

You collected 55 gold pieces.


Innate Abilities, Weirdness & Mutations

You are immune to sickness and miasma.
Your stone body is resilient. (AC +3)
You are immune to poison.
You resist negative energy. (rN+)
You are resistant to electric shocks. (rElec)
You are resistant to unholy torment.
You are immune to petrification.


   Skills:
 - Level 3.0 Fighting
 + Level 5.0 Ranged Weapons
 - Level 1.1 Armour
 - Level 1.5 Dodging
 - Level 1.1 Stealth


You had 3 spell levels left.
You didn't know any spells.
Your spell library was empty.

Inventory:

Hand Weapons
 Y - a +0 shortbow (weapon)
Armour
 c - a +0 pair of boots (worn)
 g - a +0 ring mail (worn)
Scrolls
 e - a scroll of identify
Potions
 b - a potion of degeneration {unknown}
 d - a potion of lignification {unknown}
 f - a potion of haste {unknown}
 h - a potion of heal wounds {unknown}

Dungeon Overview and Level Annotations

Branches:
Dungeon (3/15)              Sewer (1/1)

Altars:


Message History

The kobold brigand closely misses you.
The kobold hits you but does no damage. x2
The kobold brigand hits you but does no damage.
You shoot an arrow.
The arrow closely misses the kobold brigand.
The kobold splashes around in the water.
The kobold barely misses you.
The kobold brigand hits you with a +0 short sword.
You shoot an arrow.
The arrow completely misses the kobold brigand.
The kobold hits you but does no damage. x2; The kobold brigand misses you.
The kobold closely misses you.
You shoot an arrow.
The arrow closely misses the kobold brigand.
The kobold hits you with a +0 short sword.
The kobold brigand barely misses you. The kobold barely misses you.
You shoot an arrow.
The arrow hits the kobold brigand but does no damage.
The kobold brigand is moderately wounded.
The kobold barely misses you.
The kobold brigand hits you but does no damage.
The kobold hits you but does no damage. The kobold barely misses you.
The kobold brigand barely misses you.
You shoot an arrow. The arrow hits the kobold brigand!
The kobold brigand is heavily wounded.
The kobold hits you but does no damage. x2
The kobold brigand hits you but does no damage.
You shoot an arrow. The arrow hits the kobold brigand.
The kobold brigand is severely wounded.
The kobold splashes around in the water.
The kobold closely misses you.
The kobold brigand hits you with a +0 short sword.
The kobold hits you but does no damage.
You shoot an arrow.
The arrow hits the kobold brigand but does no damage.
The kobold brigand is severely wounded.
The kobold hits you but does no damage.
The kobold brigand hits you with a +0 short sword.
The kobold hits you with a +3 short sword.
The kobold brigand hits you with a +0 short sword.
You die...

### ###
..#.! .....
~~ ##...##
~~~ .....
~~~~ ...
~~~~###K##
~~~~~~K@K##
~~~~~~....#
~~~~~~~...#
~~~~~~....##
~~~~~~.....#
~~~~~~~..%.#
~~~~~~.....#
~~~~~.....##
~~~~~.....#


You could see a kobold brigand and 2 kobolds.

Vanquished Creatures
  2 adders
  A worm (D:3)
  A dart slug (D:2)
  2 endoplasms (D:1)
  A giant cockroach (D:2)
  4 goblins
  3 hobgoblins
  2 quokkas
  6 ball pythons
  4 bats
  A frilled lizard (D:2)
  5 kobolds
  5 rats
37 creatures vanquished.

Notes
Turn   | Place    | Note
-------+----------+-------------------------------------------
     0 | D:1      | qw the Gargoyle Hunter began the quest for the Orb.
     0 | D:1      | Reached XP level 1. HP: 12/12 MP: 1/1
     0 | D:1      | 0 ||| qw: Version: 0.3-a-83-gcd0e7d8
     0 | D:1      | 0 ||| qw: Game counter: 1520
     0 | D:1      | 0 ||| qw: Melee chars always use a shield: true
     0 | D:1      | 0 ||| qw: God list: Okawaru
     0 | D:1      | 0 ||| qw: Allow faded altars: false
     0 | D:1      | 0 ||| qw: Do Orc after clearing Dungeon:15 true
     0 | D:1      | 0 ||| qw: Do second Lair branch before Depths: true
     0 | D:1      | 0 ||| qw: Lair rune preference: random
     0 | D:1      | 0 ||| qw: Goals: Normal
     0 | D:1      | 0 ||| PLANNING D:1-11
   250 | D:1      | Reached XP level 2. HP: 17/17 MP: 2/2
   614 | D:1      | 614 ||| UPGRADING to +0 ring mail.
   624 | D:1      | 624 ||| DROPPING +0 leather armour.
   625 | D:1      | 625 ||| READING scroll labelled HEISYNASEW.
   626 | D:1      | 626 ||| READING scroll labelled DEATTUUSYF.
   627 | D:1      | 627 ||| DROPPING scroll of butterflies.
   663 | D:2      | 663 ||| STAIRDANCE
   733 | D:2      | Reached skill level 1 in Armour
   834 | D:2      | Reached XP level 3. HP: 21/21 MP: 3/3
  1082 | D:2      | Reached skill level 5 in Ranged Weapons
  1368 | D:2      | 1368 ||| UPGRADING to +0 pair of boots.
  1373 | D:2      | 1373 ||| READING scroll labelled ESKEILLOREY.
  1374 | D:2      | 1374 ||| READING scroll labelled CEQEWO JESTIOG.
  1393 | D:3      | 1393 ||| PLANNING SEWER
  1484 | D:3      | Found a glowing drain.
  1486 | D:3      | 1486 ||| READING scroll labelled RAODOJ LEGI.
  1501 | D:3      | 1501 ||| READING scroll labelled SIEH WOSULIS.
  1502 | D:3      | 1502 ||| READING scroll labelled ROMNAR FESMOE.
  1510 | D:3      | Reached XP level 4. HP: 27/27 MP: 4/4
  1518 | Sewer    | Entered a sewer
  1542 | Sewer    | Reached skill level 3 in Fighting
  1555 | Sewer    | Noticed a kobold brigand
  1575 | Sewer    | HP: 7/28 [kobold brigand/+0 short sword (2)]
  1576 | Sewer    | HP: 3/28 [kobold brigand/+0 short sword (4)]
  1576 | Sewer    | HP: 1/28 [kobold/+3 short sword (2)]
  1576 | Sewer    | Slain by a kobold brigand

Levels and vault maps discovered:
D:1:      dpeg_arrival_rooms_a, layout_loops_ring
D:2:      layout_loops_ring
D:3:      layout_rooms, cheibrodos_sewer_entry_bend, uniq_natasha
Sewer:    sewer_minmay_treatment

Skill      XL: |  1  2  3  4 |
---------------+-------------+-----
Armour         | 1 |  1.1
Ranged Weapons | 5 |  5.0
Fighting       | 3 |  3.0
Dodging        | |  1.5
Stealth        | |  1.1

Action                     |  1- 3 |  4- 6 || total
---------------------------+-------+-------++-------
   Fire: Shortbow          |   106 |    27 ||   133
    Use: Scroll            |     7 |       ||     7
 Armour: Leather armour    |     8 |       ||     8
         Ring mail         |    29 |    37 ||    66
  Dodge: Dodged            |    27 |    23 ||    50

Table legend:
 A = Non-vault XP
 B = Vault XP
 C = Vault XP percentage of total XP
 D = Non-vault monster count
 E = Vault monster count
 F = Vault count percentage of total count
                 A         B        C        D         E       F
            +---------+---------+-------+---------+---------+-------
      Total |      78 |       9 |  10.3 |      32 |       5 |  13.5
            +---------+---------+-------+---------+---------+-------
        D:1 |      22 |       0 |   0.0 |      14 |       0 |   0.0
        D:2 |      41 |       0 |   0.0 |      16 |       0 |   0.0
        D:3 |      15 |       5 |  25.0 |       2 |       1 |  33.3
      Sewer |       0 |       4 | 100.0 |       0 |       4 | 100.0
            +---------+---------+-------+---------+---------+-------
